 Dungeon Crawl Stone Soup version 0.28-a0-249-g9004c80361 (webtiles) character file.

Game seed: 2578772320214607901

129 Malachi the Skirmisher (level 5, -4/55 HPs)
             Began as an Octopode Fighter on Aug 26, 2021.
             Was a Follower of Makhleb.
             Slain by Sigmund (8 damage)
             ... on level 2 of the Dungeon.
             The game lasted 00:02:27 (2373 turns).

Malachi the Skirmisher (Octopode Fighter)           Turns: 2373, Time: 00:02:27

Health: -4/55      AC: 22    Str: 16    XL:     5   Next: 12%
Magic:  5/5        EV:  2    Int: 11    God:    Makhleb [*.....]
Gold:   44         SH:  8    Dex: 11    Spells: 4/4 levels left

rFire   . . .      SeeInvis .   a - +0 war axe
rCold   . . .      Faith    .   b - +0 kite shield
rNeg    + + +      Spirit   .   (helmet currently unavailable)
rPois   +          Reflect  .   (no amulet)
rElec   .          Harm     .   (no ring)
rCorr   .          Rampage  .   (no ring)
Will    .....      NoTele   +   (no ring)
Stlth   ++........              (no ring)
HPRegen 0.18/turn               (no ring)
MPRegen 0.09/turn               (no ring)
                                (no ring)
                                (no ring)

@: mighty, brilliant, tree-form
A: stationary, stasis, torment immunity, boosted hp, almost no armour,
(amphibious), 8 rings, (camouflage 1), (gelatinous body 1), (nimble swimmer 1),
(tentacles)
a: Renounce Religion


You were on level 2 of the Dungeon.
You worshipped Makhleb.
Makhleb was aware of your devotion.
You were a tree.
You visited 1 branch of the dungeon, and saw 2 of its levels.

You collected 44 gold pieces.

Inventory:

Hand Weapons
 a - a +0 war axe (weapon)
 f - a +0 dagger
Missiles
 k - a throwing net (quivered)
Armour
 b - a +0 kite shield (worn)
Magical Staves
 d - a staff of air
 i - a staff of earth
Scrolls
 e - a scroll of silence {unknown}
 j - 2 scrolls of acquirement {unknown}
 l - a scroll of identify {unknown}
 m - a scroll of teleportation {unknown}
Potions
 h - a potion of lignification


   Skills:
 + Level 3.8 Fighting
 + Level 3.0 Axes
 + Level 3.4 Dodging
 + Level 2.5 Stealth
 * Level 3.6 Shields


You had 4 spell levels left.
You didn't know any spells.
Your spell library contained the following spells:

 Spells                   Type           Power      Damage    Failure   Level
 Slow                     Hex            0%         N/A       93%         2
 Confusing Touch          Hex            0%         N/A       99%         3
 Yara's Violent Unravell  Hex/Tmut       0%         3d3       100%        5


Dungeon Overview and Level Annotations

Branches:
Dungeon (2/15)

Altars:
Makhleb

Annotations:
D:2 Sigmund


Innate Abilities, Weirdness & Mutations

You are a tree.
Your roots penetrate the ground, keeping you stationary.
You cannot be teleported.
You are immune to unholy pain and torment.
Your maximum health is greatly increased.
You cannot wear most types of armour.
((You are amphibious.))
You can wear up to eight rings at the same time.
((Your skin changes colour to match your surroundings (Stealth+).))
((Your rubbery body absorbs attacks. (AC +1, EV +1)))
((You are camouflaged near water. (Stealth+)))
((You have tentacles for arms and can constrict up to eight enemies at once.))


Message History

Unknown command.
You barely miss something. Something hits you!
Your shield prevents you from hitting something.
Your squeeze misses something. Something hits you!
* * * LOW HITPOINT WARNING * * *
It was a potion of lignification.
You turn into a tree.
Your roots penetrate the ground.
Something hits you but does no damage.
It was a potion of brilliance.
You feel clever all of a sudden.
You cannot move. (Use ctrl+direction or * direction to attack without moving.)
You cannot move. (Use ctrl+direction or * direction to attack without moving.)
You cannot move. (Use ctrl+direction or * direction to attack without moving.)
You cannot move. (Use ctrl+direction or * direction to attack without moving.)
You cannot move. (Use ctrl+direction or * direction to attack without moving.)
You cannot move. (Use ctrl+direction or * direction to attack without moving.)
You cannot move. (Use ctrl+direction or * direction to attack without moving.)
You cannot move. (Use ctrl+direction or * direction to attack without moving.)
You cannot move. (Use ctrl+direction or * direction to attack without moving.)
You cannot move. (Use ctrl+direction or * direction to attack without moving.) Unknown command.
You cannot move. (Use ctrl+direction or * direction to attack without moving.)
You cannot move. (Use ctrl+direction or * direction to attack without moving.)
You cannot move. (Use ctrl+direction or * direction to attack without moving.) Unknown command.
Level annotation: Sigmund Welcome back, Malachi the Octopode Fighter.
Blood and souls for Makhleb!
Press ? for a list of commands and other information.
You cannot move. (Use ctrl+direction or * direction to attack without moving.)
You cannot move. (Use ctrl+direction or * direction to attack without moving.)
You cannot move. (Use ctrl+direction or * direction to attack without moving.) Unknown command.
Confused cleave: a) +0 war axe
Press: ? - help, Dir - move target, f - you That would be overly suicidal.
Okay, then.
You completely miss something.
You feel less confused. Something hits you!
You die...

#.....'....'..#
#########....##.#
..).........###.####
###########.#.....$#
............#..†...####.
.#########..#...........
.# #.#..#........... .#
#.÷.)#.....###### .#
#.#)##...♣.# .#
#.#)##....{# .#
#.#.##.....#
.#######.#.####.###
.........#.# #.
##########.# #. ..# ##
^.. ###


There were no monsters in sight!

Vanquished Creatures
  A gnoll shaman (D:2)
  4 gnolls
  3 adders (D:2)
  A dart slug (D:1)
  5 bats
  A giant cockroach (D:1)
  5 hobgoblins
  2 quokkas
  6 ball pythons
  5 kobolds
  5 rats
38 creatures vanquished.

Vanquished Creatures (others)
  4 fungi (D:1)
  A plant (D:1)
5 creatures vanquished.

Grand Total: 43 creatures vanquished

Notes
Turn   | Place    | Note
-------+----------+-------------------------------------------
     0 | D:1      | Malachi the Octopode Fighter began the quest for the Orb.
     0 | D:1      | Reached XP level 1. HP: 16/16 MP: 1/1
   177 | D:1      | Reached XP level 2. HP: 21/21 MP: 2/2
   462 | D:1      | Found a faded altar of an unknown god.
   477 | D:1      | Became a worshipper of Makhleb the Destroyer
   477 | D:1      | Reached * piety under Makhleb
   782 | D:1      | Reached XP level 3. HP: 26/26 MP: 3/3
   787 | D:1      | Reached skill level 1 in Stealth
  1497 | D:2      | Reached XP level 4. HP: 25/32 MP: 4/4
  1928 | D:2      | Reached XP level 5. HP: 17/37 MP: 5/5
  2356 | D:2      | Noticed Sigmund
  2373 | D:2      | Slain by Sigmund

Illustrated notes

Levels and vault maps discovered:
D:1:      noname_arrival_rooms_in_the_neighbourhood, layout_rooms,
          dreamdust_ecumenical_altar_grove, supply_closet_lemuel
D:2:      layout_basic, cheibrodos_gnoll_hut, uniq_sigmund

Skill      XL: |  1  2  3  4 |
---------------+-------------+-----
Stealth        | 1 2 |  2.5
Axes           | 3 |  3.0
Fighting       | |  3.8
Dodging        | |  3.4
Shields        | |  3.6

Action                   |  1- 3 |  4- 6 || total
-------------------------+-------+-------++-------
Melee: War axe           |    53 |    24 ||    77
       Constrict         |    15 |     5 ||    20
       Tentacles         |     9 |     5 ||    14
  Use: Potion            |       |     4 ||     4
 Stab: Sleeping          |     8 |     3 ||    11
Armor: Skin              |     4 |     1 ||     5
Dodge: Dodged            |    21 |     9 ||    30
Block: Kite shield       |    23 |    14 ||    37

Table legend: (Time is in decaauts)
 A = Elapsed time spent in this place.
 B = Non-inter-level travel time spent in this place.
 C = Inter-level travel time spent in this place.
 D = Time resting spent in this place.
 E = Time spent auto-exploring this place.
 F = Levels seen in this place.
 G = Mean time per level.
                   A        B        C        D        E       F      G
               +--------+--------+--------+--------+--------+-----+--------+
         Total |   2419 |   2411 |      8 |    983 |   1117 |   2 | 1209.5 |
       Dungeon |   2419 |   2411 |      8 |    983 |   1117 |   2 | 1209.5 |
               +--------+--------+--------+--------+--------+-----+--------+

Top non-repeatable levels by time:
     D:1: 1264 daAuts
     D:2: 1155 daAuts
